TOP OF THE 1ST |
Toledo Mud Hens batting - Pitching for Durham Bulls : RHP David Breaux
|
Pitching: RHP David Breaux
|
|
Batting: LHB Jamel Alexander
|
0-0: Called Strike 0-1: Swinging Strike 0-2: Foul Ball, location: 2F 0-2: Foul Ball, location: 2F 0-2: Strikes out swinging
|
Batting: RHB Ken DiFerdinando
|
0-0: Ball 1-0: Ball 2-0: Called Strike 2-1: Foul Ball, location: 2F 2-2: Foul Ball, location: 2F 2-2: Strikes out looking
|
Batting: LHB Conrad Taylor
|
0-0: Foul Ball, location: 2F 0-1: Called Strike 0-2: Ball 1-2: Ball 2-2: Ground out 5-3 (Groundball, 56, EV 88.8 MPH)
|
Top of the 1st over - 0 runs, 0 hits, 0 errors, 0 left on base; Toledo 0 - Durham 0 |
BOTTOM OF THE 1ST |
Durham Bulls batting - Pitching for Toledo Mud Hens : RHP Gordie Pierson
|
Pitching: RHP Gordie Pierson
|
|
Batting: RHB Danny Diaz
|
0-0: Ball 1-0: SINGLE (Line Drive, 4MD, EV 106.9 MPH)
|
Batting: RHB Jeff Brower
|
0-0: Called Strike 0-1: DOUBLE (Flyball, 8LXD, EV 110.0 MPH) Danny Diaz to third
|
Batting: RHB Steve French
|
0-0: Ball 1-0: Ball 2-0: Called Strike 2-1: Foul Ball, location: 2F 2-2: Ground out 4-3 (Groundball, 34, EV 110.0 MPH) Danny Diaz scores Jeff Brower to third
|
Batting: RHB Jesse Basich
|
0-0: Foul Ball, location: 2F 0-1: Ball 1-1: Called Strike 1-2: Strikes out swinging
|
Batting: SHB Willie Koviak
|
0-0: Ball 1-0: Called Strike 1-1: Ball 2-1: Foul Ball, location: 2F 2-2: Strikes out looking
|
Bottom of the 1st over - 1 run, 2 hits, 0 errors, 1 left on base; Toledo 0 - Durham 1 |
TOP OF THE 2ND |
Toledo Mud Hens batting - Pitching for Durham Bulls : RHP David Breaux
|
Batting: LHB Andy Schumacher
|
0-0: Ball 1-0: Called Strike 1-1: Ball 2-1: Called Strike 2-2: Strikes out looking
|
Batting: RHB Tim Borden
|
0-0: Foul Ball, location: 2F 0-1: Hit by Pitch
|
Batting: LHB Frank McConnell
|
0-0: Called Strike 0-1: Swinging Strike 0-2: Ball 1-2: Ball 2-2: Ball 3-2: Foul Ball, location: 2F 3-2: Base on Balls Tim Borden to second
|
Batting: RHB Paul Wood
|
0-0: Ball 1-0: Ball 2-0: Swinging Strike 2-1: Fielders Choice at 2nd, 5-4 (Groundball, 56, EV 88.8 MPH) Tim Borden to third
|
Batting: RHB Casey Knutson
|
0-0: Called Strike 0-1: Swinging Strike 0-2: Strikes out swinging
|
Top of the 2nd over - 0 runs, 0 hits, 0 errors, 2 left on base; Toledo 0 - Durham 1 |
BOTTOM OF THE 2ND |
Durham Bulls batting - Pitching for Toledo Mud Hens : RHP Gordie Pierson
|
Batting: LHB David Seminario
|
0-0: Called Strike 0-1: Swinging Strike 0-2: Strikes out swinging
|
Batting: LHB Danny Hull
|
0-0: Ball 1-0: Ball 2-0: Foul Ball, location: 2F 2-1: SINGLE (Groundball, 6D, EV 97.5 MPH)
|
Batting: LHB Angel Ruvalcaba
|
0-0: Ball Danny Hull steals 2nd base (no throw) 1-0: Foul Ball, location: 2F 1-1: Ball 2-1: Ball 3-1: Foul Ball, location: 2F 3-2: SINGLE (Groundball, 3L, EV 97.5 MPH) Danny Hull to third Runner from 3rd tries for Home, SAFE, throw by RF to home
|
Batting: RHB Jesse Haddad
|
0-0: Called Strike Angel Ruvalcaba steals 2nd base (no throw) 0-1: Ground out 6-3 (Groundball, 6, EV 105.6 MPH)
|
Batting: RHB Danny Diaz
|
0-0: Fly out, F8 (Flyball, 8LD, EV 108.8 MPH)
|
Bottom of the 2nd over - 1 run, 2 hits, 0 errors, 1 left on base; Toledo 0 - Durham 2 |
TOP OF THE 3RD |
Toledo Mud Hens batting - Pitching for Durham Bulls : RHP David Breaux
|
Batting: RHB Josh Stinnett
|
0-0: Called Strike 0-1: Foul Ball, location: 2F 0-2: Ball 1-2: Foul Ball, location: 2F 1-2: Strikes out swinging
|
Batting: LHB Jamel Alexander
|
0-0: Ball 1-0: Ball 2-0: Ball 3-0: Base on Balls
|
Batting: RHB Ken DiFerdinando
|
0-0: Called Strike 0-1: Ball Jamel Alexander is caught stealing 2nd base 2-4 1-1: Ball 2-1: Swinging Strike 2-2: Foul Ball, location: 2F 2-2: Ball 3-2: TRIPLE (Groundball, 3L, EV 105.0 MPH)
|
Batting: LHB Conrad Taylor
|
0-0: Ball 1-0: DOUBLE (Line Drive, 9LS, EV 106.9 MPH) Ken DiFerdinando scores
|
Batting: LHB Andy Schumacher
|
0-0: Ball 1-0: Ball 2-0: SINGLE (Flyball, 7LS, EV 94.4 MPH) Conrad Taylor to third
|
Batting: RHB Tim Borden
|
0-0: Ball 1-0: Ball 2-0: Ball 3-0: Base on Balls Andy Schumacher to second
|
Batting: LHB Frank McConnell
|
0-0: Called Strike 0-1: Foul Ball, location: 2F 0-2: Foul Ball, location: 2F 0-2: Ball 1-2: Fly out, F4 (Line Drive, 4, EV 70.0 MPH)
|
Top of the 3rd over - 1 run, 3 hits, 0 errors, 3 left on base; Toledo 1 - Durham 2 |
BOTTOM OF THE 3RD |
Durham Bulls batting - Pitching for Toledo Mud Hens : RHP Gordie Pierson
|
Batting: RHB Jeff Brower
|
0-0: Foul Ball, location: 2F 0-1: Swinging Strike 0-2: Strikes out swinging
|
Batting: RHB Steve French
|
0-0: Ball 1-0: Foul Ball, location: 2F 1-1: Ball 2-1: SINGLE (Groundball, 56D, EV 108.1 MPH)
|
Batting: RHB Jesse Basich
|
0-0: SINGLE (Groundball, 56D, EV 105.0 MPH) Steve French to second
|
Batting: SHB Willie Koviak
|
0-0: Swinging Strike 0-1: Foul Ball, location: 2F 0-2: Ball 1-2: Grounds into double play, 6-4-3 (Groundball, 6, EV 81.2 MPH)
|
Bottom of the 3rd over - 0 runs, 2 hits, 0 errors, 1 left on base; Toledo 1 - Durham 2 |
TOP OF THE 4TH |
Toledo Mud Hens batting - Pitching for Durham Bulls : RHP David Breaux
|
Batting: RHB Paul Wood
|
0-0: Ball 1-0: Ball 2-0: Ground out U3 (Groundball, 34D, EV 87.5 MPH)
|
Batting: RHB Casey Knutson
|
0-0: Ball 1-0: Ball 2-0: SINGLE (Line Drive, 78S, EV 91.2 MPH)
|
Batting: RHB Josh Stinnett
|
0-0: Ball 1-0: Grounds into double play, 5-4-3 (Groundball, 56, EV 107.5 MPH)
|
Top of the 4th over - 0 runs, 1 hit, 0 errors, 0 left on base; Toledo 1 - Durham 2 |
BOTTOM OF THE 4TH |
Durham Bulls batting - Pitching for Toledo Mud Hens : RHP Gordie Pierson
|
Batting: LHB David Seminario
|
0-0: Called Strike 0-1: Ball 1-1: Ball 2-1: Swinging Strike 2-2: Ball 3-2: Strikes out swinging
|
Batting: LHB Danny Hull
|
0-0: Fly out, F8 (Flyball, 8LD, EV 84.4 MPH)
|
Batting: LHB Angel Ruvalcaba
|
0-0: Called Strike 0-1: Ball 1-1: Foul Ball, location: 2F 1-2: Strikes out looking
|
Bottom of the 4th over - 0 runs, 0 hits, 0 errors, 0 left on base; Toledo 1 - Durham 2 |
TOP OF THE 5TH |
Toledo Mud Hens batting - Pitching for Durham Bulls : RHP David Breaux
|
Batting: LHB Jamel Alexander
|
0-0: Ball 1-0: Called Strike 1-1: Ball 2-1: Ball 3-1: Bunt for hit to 3S - play at first, batter OUT! 3-4
|
Batting: RHB Ken DiFerdinando
|
0-0: Ball 1-0: Ground out 4-3 (Groundball, 4S, EV 81.9 MPH)
|
Batting: LHB Conrad Taylor
|
0-0: Ball 1-0: Ball 2-0: Ball 3-0: Base on Balls
|
Batting: LHB Andy Schumacher
|
0-0: Swinging Strike 0-1: Called Strike 0-2: Ball 1-2: Ball 2-2: Ground out 5-3 (Groundball, 5L, EV 103.1 MPH)
|
Top of the 5th over - 0 runs, 0 hits, 0 errors, 1 left on base; Toledo 1 - Durham 2 |
BOTTOM OF THE 5TH |
Durham Bulls batting - Pitching for Toledo Mud Hens : RHP Gordie Pierson
|
Batting: RHB Jesse Haddad
|
0-0: Ball 1-0: SINGLE (Flyball, 89S, EV 96.9 MPH)
|
Batting: RHB Danny Diaz
|
0-0: Foul Ball, location: 2F 0-1: Ground out 5-3 (Groundball, 56S, EV 63.8 MPH) Jesse Haddad to second
|
Batting: RHB Jeff Brower
|
0-0: Ball 1-0: Foul Ball, location: 2F 1-1: Ground out 4-3 (Groundball, 4S, EV 80.6 MPH) Jesse Haddad to third
|
Batting: RHB Steve French
|
0-0: Called Strike 0-1: Ball 1-1: Ball 2-1: Swinging Strike 2-2: 2-RUN HOME RUN (Flyball, 9D, EV 94.4 MPH), Distance : 359 ft
|
Batting: RHB Jesse Basich
|
0-0: Foul Ball, location: 2F 0-1: Ball 1-1: Ball 2-1: Ground out 4-3 (Groundball, 4, EV 92.5 MPH)
|
Bottom of the 5th over - 2 runs, 2 hits, 0 errors, 0 left on base; Toledo 1 - Durham 4 |
TOP OF THE 6TH |
Toledo Mud Hens batting - Pitching for Durham Bulls : RHP David Breaux
|
Batting: RHB Tim Borden
|
0-0: Ball 1-0: Called Strike 1-1: Ball 2-1: Swinging Strike 2-2: SINGLE (Flyball, 7S, EV 93.1 MPH)
|
Batting: LHB Frank McConnell
|
0-0: Ball 1-0: Ball 2-0: Called Strike 2-1: Ball 3-1: Swinging Strike 3-2: Foul Ball, location: 2F 3-2: Grounds into double play, 4-6-3 (Groundball, 4S, EV 88.1 MPH)
|
Batting: RHB Paul Wood
|
0-0: Called Strike 0-1: Ball 1-1: SOLO HOME RUN (Line Drive, 7D, EV 98.8 MPH), Distance : 375 ft
|
Batting: RHB Casey Knutson
|
0-0: Ball 1-0: Ball 2-0: Called Strike 2-1: Ball 3-1: Base on Balls
|
Pitching: RHP Antonio Sanchez
|
|
Batting: RHB Josh Stinnett
|
0-0: Ball 1-0: DOUBLE (Line Drive, 7LD, EV 99.4 MPH) Casey Knutson to third
|
Batting: LHB Jamel Alexander
|
0-0: Called Strike 0-1: Ball 1-1: Called Strike 1-2: Foul Ball, location: 2F 1-2: Foul Ball, location: 2F 1-2: Strikes out swinging
|
Top of the 6th over - 1 run, 3 hits, 0 errors, 2 left on base; Toledo 2 - Durham 4 |
BOTTOM OF THE 6TH |
Durham Bulls batting - Pitching for Toledo Mud Hens : RHP Gordie Pierson
|
Batting: SHB Willie Koviak
|
0-0: Called Strike 0-1: Foul Ball, location: 2F 0-2: Ball 1-2: Strikes out swinging
|
Batting: LHB David Seminario
|
0-0: Called Strike 0-1: Ball 1-1: Ground out 3-1 (Groundball, 34S, EV 90.6 MPH)
|
Batting: LHB Danny Hull
|
0-0: Ground out 6-3 (Groundball, 6, EV 109.4 MPH)
|
Bottom of the 6th over - 0 runs, 0 hits, 0 errors, 0 left on base; Toledo 2 - Durham 4 |
TOP OF THE 7TH |
Toledo Mud Hens batting - Pitching for Durham Bulls : RHP Antonio Sanchez
|
Batting: RHB Ken DiFerdinando
|
0-0: Ball 1-0: Called Strike 1-1: Ball 2-1: Called Strike 2-2: Foul Ball, location: 2F 2-2: Foul Ball, location: 2F 2-2: Strikes out swinging
|
Batting: LHB Conrad Taylor
|
0-0: Ball 1-0: Ball 2-0: Called Strike 2-1: Swinging Strike 2-2: Ball 3-2: Base on Balls
|
Batting: LHB Andy Schumacher
|
0-0: Ball 1-0: Ball 2-0: Ball 3-0: Base on Balls Conrad Taylor to second
|
Batting: RHB Tim Borden
|
0-0: Ball 1-0: Foul Ball, location: 2F 1-1: Ball 2-1: SINGLE (Groundball, 6MD, EV 98.1 MPH) Conrad Taylor to third Andy Schumacher to second Runner from 3rd tries for Home, SAFE, throw by CF to home
|
Batting: LHB Frank McConnell
|
0-0: Ball 1-0: Ground out 6-3 (Groundball, 4MS, EV 66.2 MPH) Andy Schumacher to third Tim Borden to second
|
Pinch Hitting: SHB Jamie Roberts
|
0-0: Ball 1-0: Called Strike 1-1: DOUBLE (Flyball, 8LXD, EV 88.8 MPH) Andy Schumacher scores Tim Borden scores
|
Batting: RHB Casey Knutson
|
0-0: Called Strike 0-1: Foul Ball, location: 2F 0-2: Ball 1-2: Strikes out swinging
|
Top of the 7th over - 3 runs, 2 hits, 0 errors, 1 left on base; Toledo 5 - Durham 4 |
BOTTOM OF THE 7TH |
Durham Bulls batting - Pitching for Toledo Mud Hens : RHP Gordie Pierson
|
Now in RF: Raul Morales
|
|
Batting: LHB Angel Ruvalcaba
|
0-0: Ball 1-0: Swinging Strike 1-1: SINGLE (Line Drive, 89S, EV 107.5 MPH)
|
Batting: RHB Jesse Haddad
|
0-0: Ball 1-0: Ball 2-0: Bunted foul 2-1: Bunt missed! 2-2: Ball 3-2: Ground out U3 (Groundball, 3, EV 105.6 MPH) Angel Ruvalcaba to second
|
Batting: RHB Danny Diaz
|
0-0: Swinging Strike 0-1: Ball 1-1: Swinging Strike 1-2: Foul Ball, location: 2F 1-2: Ball 2-2: Foul Ball, location: 2F 2-2: Strikes out looking
|
Pitching: RHP Isma'il bin Burhan
|
|
Batting: RHB Jeff Brower
|
0-0: Called Strike 0-1: Swinging Strike 0-2: Ball 1-2: Ground out 6-3 (Groundball, 6, EV 82.5 MPH)
|
Bottom of the 7th over - 0 runs, 1 hit, 0 errors, 1 left on base; Toledo 5 - Durham 4 |
TOP OF THE 8TH |
Toledo Mud Hens batting - Pitching for Durham Bulls : RHP Antonio Sanchez
|
Pitching: RHP Ray Willenbrink
|
|
Batting: RHB Josh Stinnett
|
0-0: Ball 1-0: Foul Ball, location: 2F 1-1: Ball 2-1: Ball 3-1: Ground out 5-3 (Groundball, 56S, EV 84.4 MPH)
|
Batting: LHB Jamel Alexander
|
0-0: Called Strike 0-1: Ball 1-1: Swinging Strike 1-2: Ball 2-2: Ball 3-2: Strikes out swinging
|
Batting: RHB Ken DiFerdinando
|
0-0: Called Strike 0-1: Swinging Strike 0-2: Strikes out swinging
|
Top of the 8th over - 0 runs, 0 hits, 0 errors, 0 left on base; Toledo 5 - Durham 4 |
BOTTOM OF THE 8TH |
Durham Bulls batting - Pitching for Toledo Mud Hens : RHP Isma'il bin Burhan
|
Batting: RHB Steve French
|
0-0: Foul Ball, location: 2F 0-1: Swinging Strike 0-2: Strikes out swinging
|
Batting: RHB Jesse Basich
|
0-0: Ball 1-0: Ball 2-0: Foul Ball, location: 2F 2-1: Foul Ball, location: 2F 2-2: Strikes out looking
|
Batting: SHB Willie Koviak
|
0-0: Foul Ball, location: 2F 0-1: Ball 1-1: Ground out 4-3 (Groundball, 34, EV 108.1 MPH)
|
Bottom of the 8th over - 0 runs, 0 hits, 0 errors, 0 left on base; Toledo 5 - Durham 4 |
TOP OF THE 9TH |
Toledo Mud Hens batting - Pitching for Durham Bulls : RHP Ray Willenbrink
|
Batting: LHB Conrad Taylor
|
0-0: Called Strike 0-1: Ground out 3-1 (Groundball, 34S, EV 82.5 MPH)
|
Batting: LHB Andy Schumacher
|
0-0: Called Strike 0-1: Ball 1-1: Called Strike 1-2: Ground out 5-3 (Groundball, 5, EV 100.0 MPH)
|
Batting: RHB Tim Borden
|
0-0: Ball 1-0: Ground out 6-3 (Groundball, 6, EV 102.5 MPH)
|
Top of the 9th over - 0 runs, 0 hits, 0 errors, 0 left on base; Toledo 5 - Durham 4 |
BOTTOM OF THE 9TH |
Durham Bulls batting - Pitching for Toledo Mud Hens : RHP Isma'il bin Burhan
|
Batting: LHB David Seminario
|
0-0: Ball 1-0: Foul Ball, location: 2F 1-1: SINGLE (Groundball, 15S, EV 63.1 MPH) (infield hit)
|
Batting: LHB Danny Hull
|
0-0: Bunted foul 0-1: Sac Bunt to 2R - play at first, batter OUT! 2-4 David Seminario to second
|
Batting: LHB Angel Ruvalcaba
|
0-0: Foul Ball, location: 2F 0-1: TRIPLE (Line Drive, 89XD, EV 109.4 MPH) David Seminario scores
|
Batting: RHB Jesse Haddad
|
0-0: Called Strike 0-1: Ball 1-1: Foul Ball, location: 2F 1-2: Foul Ball, location: 2F 1-2: Foul Ball, location: 2F 1-2: Ball 2-2: Ball 3-2: SINGLE (Line Drive, 6, EV 95.6 MPH) Angel Ruvalcaba scores
|
Bottom of the 9th over - 2 runs, 3 hits, 0 errors, 0 left on base; Toledo 5 - Durham 6 |
|
Game Over ... Durham defeats Toledo, 6 to 5
|
|
|